 Dungeon Crawl Stone Soup version 0.30-a0-748-ge6a52f7cba (webtiles) character file.

Game seed: 1299051025697199404

4926 tio the Reanimator (level 10, 0/88 HPs)
             Began as a Demonspawn Necromancer on Feb 8, 2023.
             Was a Believer of Hepliaklqana.
             Slain by a killer bee (3 damage)
             ... on level 9 of the Dungeon on Feb 9, 2023.
             The game lasted 00:58:17 (9013 turns).

tio the Reanimator (Demonspawn Necromancer)         Turns: 9013, Time: 00:58:17

Health: 0/88       AC: 25    Str: 13    XL:     10   Next: 27%
Magic:  27/31      EV:  2    Int: 17    God:    Hepliaklqana [**....]
Gold:   596        SH:  5    Dex: 19    Spells: 19/26 levels left

rFire   + . .      SeeInvis .    o - +4 quarterstaff (chaos)
rCold   + . .      Faith    .    (shield currently unavailable)
rNeg    . . .      Spirit   .    (body armour currently unavailable)
rPois   +          Reflect  +    (helmet currently unavailable)
rElec   +          Harm     .    (cloak currently unavailable)
rCorr   +          Rampage  .    (gloves currently unavailable)
Will    .....      NoTele   +    (boots currently unavailable)
Stlth   +++                      r - amulet of reflection
HPRegen 0.34/turn                v - ring of magical power
MPRegen 0.22/turn                z - +6 ring of dexterity

@: lethally poisoned (0 -> -4), tree-form, resistant
A: stationary, stasis, torment immunity, boosted hp, reduced essence, repulsion
field 1, powered by pain 2, (weakness stinger 1)
a: Renounce Religion, Recall Ancestor, Ancestor Identity


You were on level 9 of the Dungeon.
You worshipped Hepliaklqana.
Hepliaklqana was pleased with you.
You were a tree.
You visited 2 branches of the dungeon, and saw 10 of its levels.

You collected 596 gold pieces.

Inventory:

Hand Weapons
 o - a +4 quarterstaff of chaos (weapon)
Armour
 a - a +1 robe (melded)
 y - a +0 cloak (melded)
 C - a +0 pair of boots (melded)
Jewellery
 c - a +5 ring of evasion
 f - a ring of see invisible
 h - an amulet of guardian spirit
 i - a ring of flight
 m - a +5 ring of evasion
 r - an amulet of reflection (around neck)
 v - a ring of magical power (left branch)
 z - a +6 ring of dexterity (right branch)
 B - a ring of fire
Wands
 x - a wand of polymorph (11)
Scrolls
 g - a scroll of fear
 l - 3 scrolls of amnesia
 n - 3 scrolls of teleportation
 s - 2 scrolls of poison {unknown}
 w - a scroll of enchant armour
 A - 2 scrolls of identify
Potions
 b - 2 potions of magic
 d - a potion of haste
 e - a potion of ambrosia {unknown}
 j - 2 potions of attraction
 k - a potion of resistance
 p - 2 potions of mutation
 q - a potion of invisibility {unknown}
 u - 2 potions of degeneration


   Skills:
 + Level 1.6 Fighting
 + Level 2.0 Axes
 + Level 1.4 Staves
 + Level 4.2 Dodging
 + Level 2.9 Stealth
 + Level 1.6 Shields
 + Level 8.9 Spellcasting
 + Level 11.5 Necromancy
 + Level 1.8 Evocations


You had 19 spell levels left.
You knew the following spells:

 Your Spells              Type           Power      Damage    Failure   Level
a - Necrotise             Necr           100%       1d9       1%          1
b - Death Channel         Necr           23%        N/A       13%         6

Your spell library contained the following spells:

 Spells                   Type           Power      Damage    Failure   Level
 Vampiric Draining        Necr           46%        2d9       1%          3
 Animate Dead             Necr           46%        N/A       1%          4
 Dispel Undead            Necr           46%        3d18      1%          4
 Agony                    Necr           46%        N/A       2%          5
 Cigotuvi's Dreadful Rot  Necr/Pois/Air  40%        N/A       3%          2
 Blink                    Tloc           14%        N/A       14%         2
 Poisonous Vapours        Pois/Air       14%        N/A       14%         2
 Mephitic Cloud           Conj/Pois/Air  7%         N/A       28%         3
 Manifold Assault         Tloc           7%         N/A       67%         4
 Storm Form               Tmut/Air       3%         N/A       100%        7


Dungeon Overview and Level Annotations

Branches:
Dungeon (9/15)             Temple (1/1) D:4
   Lair: D:8-11         Orc: D:9-12

Altars:
Ashenzari
Cheibriados
Dithmenos
Fedhas
Gozag
Hepliaklqana
Kikubaaqudgha
Makhleb
Okawaru
Ru
Sif Muna
Trog
Vehumet
Xom
Yredelemnul

Shops:
D:4 =


Innate Abilities, Weirdness & Mutations

You are a tree.
Your roots penetrate the ground, keeping you stationary.
You cannot be teleported.
You are immune to unholy pain and torment.
Your maximum health is greatly increased.
Your equipment is partially melded.
Your life essence is reduced to manifest your ancestor. (-10% HP)
You are surrounded by a mild repulsion field. (EV +2)
You sometimes gain power by taking damage.
((You have a small tail.))


Message History

Really quaff the potion of lignification?
You turn into a tree.
Your +0 cloak melds into your body.
Your +0 pair of boots melds into your body.
Your +1 robe melds into your body.
Your roots penetrate the ground.
You feel very sick.
The killer bee stings you but does no damage. x6
You block the killer bee's attack.
The killer bee stings you but does no damage.
You barely miss the killer bee.
You feel very sick.
The killer bee stings you but does no damage. x2
The killer bee stings you.
* * * LOW HITPOINT WARNING * * *
The killer bee stings you but does no damage.
The killer bee stings you.
* * * LOW HITPOINT WARNING * * *
You block the killer bee's attack.
The killer bee stings you but does no damage.
You block the killer bee's attack.
You miss the killer bee.
You feel very sick.
The killer bee stings you but does no damage. x2
The killer bee barely misses you. x2; You block the killer bee's attack.
The killer bee stings you but does no damage. x2
You block the killer bee's attack.
You thump the killer bee!
Space warps around the killer bee.
The killer bee is heavily wounded.
You feel sick.
The killer bee stings you but does no damage.
You block the killer bee's attack.
The killer bee stings you but does no damage.
You block the killer bee's attack.
The killer bee stings you but does no damage.
The killer bee stings you.
* * * LOW HITPOINT WARNING * * *
The killer bee stings you but does no damage. x6
You feel protected.
* * * LOW HITPOINT WARNING * * *
You feel sick. The killer bee stings you.
You die...

# #.
#..#######
#....†...#
#....♣y..#
#...yyy..#
#...#...##
###.#####
. .. ..
###


You could see 4 killer bees.

Vanquished Creatures
  A komodo dragon (D:5)
  Grum (D:8)
  A water moccasin (D:8)
  2 ice beasts
  A sky beast (D:4)
  3 black bears
  2 ogres
  A wolf (D:8)
  3 centaurs
  2 kobold brigands
  A bullfrog (D:7)
  2 scorpions
  A wight (D:7)
  5 killer bees
  6 electric eels (D:7)
  4 hounds
  4 jellies
  Crazy Yiuf (D:6)
  2 orc priests
  Jessica (D:2)
  Terence (D:3)
  An iguana (D:5)
  3 orc wizards
  10 adders
  A white imp (D:5)
  2 worms
  2 dart slugs
  17 orcs
  5 ball pythons
  6 endoplasms
  4 giant cockroaches
  7 goblins
  5 hobgoblins
  6 jackals
  5 kobolds
  4 quokkas
  7 bats
  5 frilled lizards
  3 rats
138 creatures vanquished.

Vanquished Creatures (collateral kills)
  A two-headed ogre (D:8)
  A steam dragon (D:8)
  A water moccasin (D:7)
  2 orc warriors
  2 black bears (D:5)
  A sky beast (D:8)
  A wolf (D:8)
  A bullfrog (D:7)
  A necrophage (D:6)
  8 wights
  An iguana (D:7)
  An orc wizard (D:7)
  An adder (D:4)
  A white imp (D:7)
  The ghost of Esekla the Sneak, a weakling OpDe (D:5)
  A goblin (D:8)
  A rat (D:3)
26 creatures vanquished.

Vanquished Creatures (others)
  4 battlemagi
  2 ancestors
  4 kobolds (D:8)
  2 plants (D:7)
12 creatures vanquished.

Grand Total: 176 creatures vanquished

Notes
Turn   | Place    | Note
-------+----------+-------------------------------------------
     0 | D:1      | tio the Demonspawn Necromancer began the quest for the Orb.
     0 | D:1      | Reached XP level 1. HP: 13/13 MP: 3/3
   388 | D:1      | Gained mutation: You are surrounded by a mild repulsion
                  | field. (EV +2) [demonic ancestry]
   388 | D:1      | Reached XP level 2. HP: 19/19 MP: 1/5
   860 | D:2      | Reached skill level 5 in Necromancy
   871 | D:2      | Gained mutation: You sometimes gain a little power by
                  | taking damage. [demonic ancestry]
   871 | D:2      | Reached XP level 3. HP: 14/24 MP: 1/6
   876 | D:2      | HP: 1/24 [jackal (3)]
   980 | D:2      | Noticed Jessica
   987 | D:2      | Killed Jessica
  1166 | D:2      | Gained mutation: You sometimes gain power by taking damage.
                  | [demonic ancestry]
  1166 | D:2      | Reached XP level 4. HP: 30/30 MP: 2/8
  1297 | D:2      | Reached skill level 1 in Axes
  1739 | D:2      | You are sucked into a shaft and drop 2 floors!
  1745 | D:4      | Found Biluuneod's Jewellery Shop.
  2003 | D:2      | Reached XP level 5. HP: 35/35 MP: 4/9
  2347 | D:3      | Noticed Terence
  2356 | D:3      | Killed Terence
  3051 | D:3      | Found a faded altar of an unknown god.
  3286 | D:4      | Reached skill level 6 in Necromancy
  3476 | D:4      | Found a staircase to the Ecumenical Temple.
  3483 | D:4      | Noticed a black bear
  3510 | Temple   | Entered the Ecumenical Temple
  3511 | Temple   | Killed a black bear
  3512 | Temple   | Reached XP level 6. HP: 5/42 MP: 0/12
  3991 | Temple   | Became a worshipper of Hepliaklqana the Forgotten
  4101 | D:4      | Noticed a sky beast
  4112 | D:4      | Killed a sky beast
  4506 | D:4      | Reached XP level 7. HP: 47/47 MP: 10/14
  4759 | D:5      | Entered Level 5 of the Dungeon
  4759 | D:5      | Found a runed translucent gate.
  4759 | D:5      | Found a runed translucent gate.
  4763 | D:5      | Reached skill level 7 in Necromancy
  4764 | D:5      | Noticed Esekla's ghost (weakling OpDe)
  4765 | D:5      | Noticed a komodo dragon
  4798 | D:5      | Reached skill level 5 in Spellcasting
  5387 | D:5      | Found a runed translucent gate.
  5465 | D:5      | Reached * piety under Hepliaklqana
  5624 | D:5      | Killed a komodo dragon
  5625 | D:5      | Reached skill level 8 in Necromancy
  5625 | D:5      | Reached XP level 8. HP: 15/47 MP: 1/17
  5629 | D:5      | Killed Esekla's ghost
  5658 | D:5      | Reached skill level 1 in Shields
  5855 | D:6      | Found a runed translucent door.
  5856 | D:6      | Noticed Crazy Yiuf
  5865 | D:6      | Killed Crazy Yiuf
  6012 | D:6      | Reached skill level 1 in Fighting
  6241 | D:6      | Reached skill level 9 in Necromancy
  6682 | D:7      | Gained mutation: You have a small tail. [demonic ancestry]
  6682 | D:7      | Reached XP level 9. HP: 53/53 MP: 12/19
  6734 | D:7      | Reached ** piety under Hepliaklqana
  6735 | D:7      | Remembered your ancestor kai as a battlemage
  6817 | D:7      | Learned a level 6 spell: Death Channel
  6964 | D:7      | Reached skill level 10 in Necromancy
  7741 | D:7      | Reached skill level 1 in Staves
  7948 | D:8      | Reached skill level 1 in Evocations
  8241 | D:8      | Noticed a two-headed ogre
  8247 | D:8      | Killed a two-headed ogre
  8248 | D:8      | Reached skill level 11 in Necromancy
  8248 | D:8      | Reached XP level 10. HP: 59/59 MP: 22/22
  8316 | D:8      | Noticed Grum
  8975 | D:8      | Killed Grum
  9012 | D:9      | HP: 4/88 [killer bee (6)]
  9013 | D:9      | Slain by a killer bee

Illustrated notes

Levels and vault maps discovered:
D:1:      psy_arrival_whirlpool, layout_basic, serial_rivers,
          chequers_serial_rivers_room_a, chequers_serial_rivers_room_a,
          chequers_serial_rivers_small_a, chequers_serial_rivers_micro_c,
          serial_bayou_crossing
D:2:      layout_basic, uniq_jessica
D:3:      layout_basic, hellmonk_ecumenical_altar_inner_sanctum, uniq_terence
D:4:      layout_loops_ring, minmay_temple_entry_water_ring,
          minmay_shop_enchanted_jewellery, supply_closet_lemuel
D:5:      layout_cave_pools, gammafunk_ghost_split, nicolae_figureground_sparkle
D:6:      layout_cave_pools, st_stairs_9, nicolae_titane,
          uniq_crazy_yiuf_cottage
D:7:      cheibrodos_two_vegetables, layout_cave_pools, kennysheep_donut,
          minmay_fractal_squares_diagonal_5
D:8:      minmay_evil_eye, layout_rooms, enter_bailey_4,
          kennysheep_generic_room_5, uniq_grum
D:9:      layout_gridville, nicolae_overflow_quartered_altars, lair_entry_dummy,
          onia_ninara_cookie
Temple:   eino_narrow_crystal_temple

Skill      XL: |  1  2  3  4  5  6  7  8  9 10 |
---------------+-------------------------------+-----
Dodging        | 2 3 4 |  4.2
Necromancy     | 5 6 8 9 11 | 11.5
Axes           | 1 2 |  2.0
Spellcasting   | 3 4 6 7 8 |  8.9
Stealth        | 2 |  2.9
Shields        | 1 |  1.6
Fighting       | 1 |  1.6
Staves         | 1 |  1.4
Evocations     | 1 |  1.8

Action                     |  1- 3 |  4- 6 |  7- 9 | 10-12 || total
---------------------------+-------+-------+-------+-------++-------
  Melee: War axe           |    14 |    11 |    28 |       ||    53
         Punch             |     1 |       |       |       ||     1
         Quarterstaff      |       |       |    17 |     5 ||    22
         Tailslap          |       |       |     2 |       ||     2
   Cast: Necrotise         |    33 |   134 |   175 |    39 ||   381
 Invoke: Ancestor Identity |       |       |     1 |       ||     1
         Ancestor Life: Ba |       |       |     1 |       ||     1
  Evoke: Wand              |       |       |    14 |       ||    14
    Use: Scroll            |     5 |     2 |    10 |     1 ||    18
         Potion            |       |     3 |     3 |     3 ||     9
 Armour: Robe              |     6 |     5 |     8 |    10 ||    29
         Skin              |       |       |       |    24 ||    24
  Dodge: Dodged            |    35 |    67 |   175 |    60 ||   337
  Block: Other             |       |    10 |    26 |    21 ||    57
         Reflection        |       |     1 |     1 |     1 ||     3

Table legend: (Time is in decaauts)
 A = Elapsed time spent in this place.
 B = Non-inter-level travel time spent in this place.
 C = Inter-level travel time spent in this place.
 D = Time resting spent in this place.
 E = Time spent auto-exploring this place.
 F = Levels seen in this place.
 G = Mean time per level.
                   A        B        C        D        E       F      G
               +--------+--------+--------+--------+--------+-----+--------+
         Total |   9032 |   8417 |    615 |      0 |   7159 |  10 |  903.2 |
       Dungeon |   8546 |   8100 |    446 |      0 |   6858 |   9 |  949.6 |
        Temple |    485 |    316 |    169 |      0 |    301 |   1 |  485.0 |
               +--------+--------+--------+--------+--------+-----+--------+

Top non-repeatable levels by time:
     D:7: 1234 daAuts
     D:2: 1184 daAuts
     D:3: 1176 daAuts
     D:5: 1099 daAuts
     D:8: 1098 daAuts
     D:4: 1087 daAuts
     D:1: 827 daAuts
     D:6: 827 daAuts
  Temple: 485 daAuts
     D:9: 11 daAuts
